 Dungeon Crawl Stone Soup version 0.24-a0-183-g8902462 (webtiles) character file.

Game seed: 18427438260825704037

5949 Lanoc the Geomancer (level 11, -37/68 HPs)
             Began as a Formicid Earth Elementalist on Mar 16, 2019.
             Was a Priest of Vehumet.
             Annihilated by Gastronok (38 damage)
             ... on level 9 of the Dungeon.
             The game lasted 00:39:23 (14351 turns).

Lanoc the Geomancer (Formicid Earth Elementalist)  Turns: 14351, Time: 00:39:24

Health: -37/68     AC:  6    Str: 19    XL:     11   Next: 9%
Magic:  8/22       EV: 22    Int: 20    God:    Vehumet [***...]
Gold:   457        SH:  3    Dex: 16    Spells: 10/25 levels left

rFire    . . .     SeeInvis +   x - +2 quarterstaff (chaos)
rCold    . . .     Gourm    .   (no shield)
rNeg     + . .     Faith    .   c - +1 robe
rPois    +         Spirit   .   (helmet unavailable)
rElec    .         Reflect  +   y - +2 cloak {rPois}
rCorr    .         Harm     .   (no gloves)
MR       +....                  (no boots)
Stlth    +++.......             f - +3 amulet of reflection
HPRegen  0.21/turn              j - +4 ring of strength
MPRegen  0.18/turn              z - ring of Emmet {+Fly rN+ Str-3 Int+2}

@: mighty, agile
A: permanent stasis, dig shafts and tunnels, four strong arms, antennae 3
a: Dig, Shaft Self, Renounce Religion, Evoke Flight


You were on level 9 of the Dungeon.
You worshipped Vehumet.
Vehumet was most pleased with you.
You were not hungry.

You visited 2 branches of the dungeon, and saw 11 of its levels.

You collected 457 gold pieces.

Inventory:

Hand Weapons
 x - a +2 quarterstaff of chaos (weapon)
Missiles
 a - 148 stones (quivered)
Armour
 c - a +1 robe (worn)
 y - a +2 cloak of poison resistance (worn)
Jewellery
 f - a +3 amulet of reflection (around neck)
 j - a +4 ring of strength (left hand)
 z - the ring of Emmet (right hand) {+Fly rN+ Str-3 Int+2}
   (You found it on level 9 of the Dungeon)

   [ring of flight]

   It affects your strength (-3).
   It affects your intelligence (+2).
   It protects you from negative energy.
   It lets you fly.
Wands
 n - a wand of polymorph (9)
 p - a wand of disintegration (9)
Scrolls
 g - a scroll of magic mapping
 h - 3 scrolls of enchant armour
 i - 5 scrolls of remove curse
 q - a scroll of immolation
 s - a scroll of enchant weapon
Potions
 b - 2 potions of haste
 k - a potion of degeneration
 l - a potion of lignification
 o - a potion of flight
 r - 3 potions of curing {unknown}
 t - a potion of agility
 u - a potion of magic
Comestibles
 d - 10 rations


   Skills:
 + Level 6.9 Dodging
 - Level 2.4 Stealth
 + Level 7.6 Spellcasting
 + Level 5.8 Conjurations
 - Level 1.1 Transmutations
 * Level 12.5 Earth Magic


You had 10 spell levels left.
You knew the following spells:

 Your Spells              Type           Power        Failure   Level  Hunger
a - Sandblast             Erth           ######       1%          1    None
b - Passwall              Tmut/Erth      ####....     1%          2    None
c - Stone Arrow           Conj/Erth      #####.       1%          3    None
d - Lee's Rapid Deconstr  Erth           ######....   1%          5    #####..
e - Petrify               Tmut/Erth      ####....     5%          4    ###....

Your spell library contained the following spells:

 Spells                   Type           Power        Failure   Level  Hunger
 Ignite Poison            Fire/Tmut/Pois #.......     6%          3    None
 Animate Skeleton         Necr           N/A          9%          1    None


Dungeon Overview and Level Annotations

Branches:
Dungeon (10/15)            Temple (1/1) D:5            Lair (0/6) D:9
    Orc: D:9-12

Altars:
Ashenzari
Cheibriados
Dithmenos
Elyvilon
Fedhas
Gozag
Hepliaklqana
Kikubaaqudgha
Makhleb
Nemelex Xobeh
Okawaru
Qazlal
Ru
Sif Muna
Trog
Uskayaw
Vehumet
Wu Jian
Xom
Yredelemnul
Zin
The Shining One

Shops:
D:8 %   D:9 [

Annotations:
D:9 Gastronok
D:10 Sonja


Innate Abilities, Weirdness & Mutations

You cannot be hasted, slowed, berserked, paralysed or teleported.
You can dig through walls and to a lower floor.
Your four strong arms can wield two-handed weapons with a shield.
You have a pair of large antennae on your head. (SInv)


Message History

The wall shatters!
The blast of rock fragments hits Gastronok!!
Gastronok is moderately wounded.
You feel much better.
Gastronok casts a spell.
Your legs wobble like jelly.
You feel agile all of a sudden.
You feel very mighty all of a sudden.
Gastronok waves his eye-stalks in wide circles.
The air twists around and strikes you!
* * * LOW HITPOINT WARNING * * *
You sock Gastronok!
Gastronok goes berserk!
Gastronok is heavily wounded.
Gastronok bites you!
* * * LOW HITPOINT WARNING * * *
You bludgeon Gastronok!!
Gastronok is heavily wounded.
Gastronok bites you!!!
Ouch! That really hurt!
You die...

###'###### #..# #.# ##.#
##.# #.# #..#
##'######## #.##
#...#.....# ##.#
#.###.###.# .#.#
#...#...#.#
...###########.#w#####.#
.............'.#@..#...#
=#############.###.#.###
.# #...#.....# .#
#######'### .# #.# .#
###.# +##### #...#
.....##### #####'###
.....'...#####.......#


You could see Gastronok (berserk).

Vanquished Creatures
  A two-headed ogre (D:9)
  Prince Ribbit (D:9)
  A hippogriff (D:7)
  A water moccasin (D:7)
  5 porcupines (D:9)
  Duvessa (D:7)
  4 orc warriors
  2 black bears (D:9)
  A sky beast (D:6)
  A necrophage (D:8)
  3 ogres
  3 centaurs
  A phantom (D:5)
  2 big kobolds
  9 bullfrogs
  Dowan (D:6)
  4 scorpions
  A water moccasin skeleton (D:7)
  11 killer bees
  4 crimson imps
  A quasit (D:9)
  3 orc priests
  Crazy Yiuf (D:7)
  6 hounds
  3 jellies
  An iguana (D:5)
  8 orc wizards
  4 worker ants
  A hound skeleton (D:6)
  A hound zombie (D:8)
  A worker ant zombie (D:7)
  7 adders
  A howler monkey skeleton (D:4)
  4 gnolls
  3 shadow imps
  2 worms
  2 dart slugs
  6 leopard geckos
  30 orcs
  A ball python (D:2)
  5 bats
  13 giant cockroaches
  9 goblins
  9 hobgoblins
  21 jackals
  3 quokkas
  7 frilled lizards
  18 kobolds
  A leopard gecko zombie (D:3)
  6 rats
  2 plants (D:9)
237 creatures vanquished.

Vanquished Creatures (collateral kills)
  An ice beast (D:5)
  An ogre (D:5)
  A howler monkey (D:9)
  A centaur skeleton (D:5)
4 creatures vanquished.

Vanquished Creatures (others)
  10 fungi (D:9)
10 creatures vanquished.

Grand Total: 251 creatures vanquished

Notes
Turn   | Place    | Note
-------+----------+-------------------------------------------
     0 | D:1      | Lanoc the Formicid Earth Elementalist began the quest for
                  | the Orb.
     0 | D:1      | Reached XP level 1. HP: 13/13 MP: 3/3
   278 | D:1      | Reached XP level 2. HP: 6/19 MP: 0/5
   533 | D:1      | Reached skill level 4 in Earth Magic
   544 | D:1      | Learned a level 2 spell: Passwall
   905 | D:1      | Reached XP level 3. HP: 24/24 MP: 4/6
   966 | D:2      | Learned a level 3 spell: Stone Arrow
  1072 | D:2      | Noticed an ice beast
  1807 | D:2      | Reached XP level 4. HP: 30/30 MP: 2/8
  2756 | D:3      | Reached skill level 5 in Earth Magic
  2846 | D:3      | Reached XP level 5. HP: 31/35 MP: 5/9
  4097 | D:4      | Reached XP level 6. HP: 28/41 MP: 3/11
  4167 | D:4      | Learned a level 5 spell: Lee's Rapid Deconstruction
  4181 | D:4      | Reached skill level 6 in Earth Magic
  5003 | D:5      | Entered Level 5 of the Dungeon
  5317 | D:5      | HP: 2/41 [poisoned by a worker ant]
  5325 | D:5      | HP: 1/41 [poisoned by a worker ant]
  5643 | D:5      | Noticed an ice beast
  5772 | D:5      | Noticed a phantom
  5804 | D:6      | Noticed an orc warrior
  6136 | D:5      | Found a radiant altar of Vehumet.
  6155 | D:5      | Became a worshipper of Vehumet
  6158 | D:5      | Found an ancient bone altar of Kikubaaqudgha.
  6159 | D:5      | Found a deep blue altar of Sif Muna.
  6164 | D:5      | Identified Kikubaaqudgha's Incunabulum of Dark Rituals
  6201 | D:5      | Reached XP level 7. HP: 45/46 MP: 0/12
  6440 | D:5      | Reached skill level 7 in Earth Magic
  6445 | D:5      | Reached skill level 1 in Conjurations
  7420 | D:5      | Reached XP level 8. HP: 27/52 MP: 4/14
  7686 | D:5      | Found a staircase to the Ecumenical Temple.
  7692 | Temple   | Entered the Ecumenical Temple
  8161 | D:6      | Reached skill level 8 in Earth Magic
  8461 | D:6      | Learned a level 4 spell: Petrify
  8510 | D:6      | Reached skill level 5 in Spellcasting
  8555 | D:6      | Found a sacrificial altar of Ru.
  8597 | D:6      | Reached * piety under Vehumet
  8597 | D:6      | Offered knowledge of Magic Dart by Vehumet.
  9037 | D:6      | Found a glowing golden altar of the Shining One.
  9042 | D:6      | Found a hide-covered altar of Uskayaw.
  9065 | D:6      | Reached skill level 9 in Earth Magic
  9065 | D:6      | Reached XP level 9. HP: 57/57 MP: 5/16
  9328 | D:6      | Found a shattered altar of Ashenzari.
  9329 | D:6      | Found a white marble altar of Elyvilon.
  9606 | D:7      | Noticed Duvessa
  9608 | D:7      | Reached skill level 5 in Dodging
  9619 | D:7      | Noticed Dowan
  9623 | D:7      | Killed Duvessa
  9628 | D:6      | Killed Dowan
 10087 | D:7      | Reached skill level 10 in Earth Magic
 10917 | D:7      | Noticed a hippogriff
 11054 | D:7      | Killed a hippogriff
 11054 | D:7      | Reached XP level 10. HP: 42/63 MP: 2/19
 11367 | D:7      | Reached ** piety under Vehumet
 11367 | D:7      | Offered knowledge of Searing Ray by Vehumet.
 11367 | D:7      | Reached skill level 11 in Earth Magic
 11455 | D:7      | Found a shadowy altar of Dithmenos.
 11594 | D:7      | Found a runed translucent door.
 11595 | D:7      | Noticed Crazy Yiuf
 11881 | D:7      | Killed Crazy Yiuf
 12483 | D:8      | Found a stormy altar of Qazlal.
 12537 | D:8      | Found a blossoming altar of Fedhas.
 12559 | D:8      | Reached skill level 5 in Conjurations
 12715 | D:8      | Found Wost's Food Emporium.
 12965 | D:9      | Found Quol's Armour Boutique.
 13180 | D:9      | Offered knowledge of Ignite Poison by Vehumet.
 13201 | D:9      | Found a staircase to the Lair.
 13217 | D:9      | Got a coiled silver ring
 13238 | D:9      | Reached skill level 12 in Earth Magic
 13464 | D:9      | Identified the ring of Emmet {+Fly rN+ Str-3 Int+2} (You
                  | found it on level 9 of the Dungeon)
 13673 | D:9      | Reached *** piety under Vehumet
 13712 | D:9      | Noticed Prince Ribbit
 13716 | D:9      | Killed Prince Ribbit
 13957 | D:10     | Entered Level 10 of the Dungeon
 13957 | D:10     | Noticed a two-headed ogre
 14070 | D:9      | Killed a two-headed ogre
 14070 | D:9      | Reached XP level 11. HP: 24/67 MP: 0/22
 14337 | D:10     | Noticed Gastronok
 14337 | D:10     | Noticed Sonja
 14350 | D:9      | HP: 1/68 [Gastronok (13)]
 14351 | D:9      | Annihilated by Gastronok

Levels and vault maps discovered:
D:1:      scummos_arrival_star, layout_loops_cross, minmay_pentomino_r4
D:2:      layout_basic
D:3:      wad_river_or_something, layout_basic, minmay_crystal_room,
          grunt_ministairs_15
D:4:      layout_cave_pools, first_ration, minmay_close_crescents
D:5:      layout_basic, grunt_temple_overflow_magic_moments,
          minmay_temple_entry_enclosed_plants, glass_columns_c,
          hangedman_decor_opposing, small_statue_alley_b, serial_bayou_lake_a
D:6:      layout_basic, nicolae_ru_awakened_eye,
          gammafunk_temple_overflow_pools, minitemple, grunt_decor_cap
D:7:      layout_basic, nicolae_dithmenos_through_a_glass_darkly,
          grunt_ogre_cave, uniq_duvessa, uniq_crazy_yiuf_cottage
D:8:      layout_layer_cave, grunt_temple_overflow_forces_of_nature,
          serial_shops, shop_fountains, chequers_serial_rivers_small_b,
          small_chamber_with_monster
D:9:      layout_roguey, due_lair_maze_entry_diamond, serial_shops,
          nicolae_shop_crystal, uniq_prince_ribbit1
D:10:     layout_basic, uniq_gastronok, uniq_sonja
Temple:   jpeg_temple_clearing

Skill      XL: |  1  2  3  4  5  6  7  8  9 10 |
---------------+-------------------------------+-----
Dodging        | 2 3 4 5 6 |  6.9
Earth Magic    | 4 5 6 7 9 10 12 | 12.5
Spellcasting   | 3 4 5 6 7 |  7.6
Conjurations   | 1 3 4 5 |  5.8
Stealth        | |  2.4
Transmutations | |  1.1

Action                   |  1- 3 |  4- 6 |  7- 9 | 10-12 || total
-------------------------+-------+-------+-------+-------++-------
Melee: Unarmed           |    14 |       |       |       ||    14
       Dagger            |    44 |   482 |    18 |       ||   544
       Mace              |     2 |       |       |       ||     2
       Hand axe          |       |       |    30 |       ||    30
       War axe           |       |       |    36 |    27 ||    63
       Quarterstaff      |       |       |       |   125 ||   125
 Cast: Sandblast         |    30 |    27 |    30 |    64 ||   151
       Stone Arrow       |     4 |    56 |    42 |       ||   102
       Lee's Rapid Decon |       |       |    29 |     9 ||    38
       Petrify           |       |       |       |     3 ||     3
 Abil: Dig               |       |       |       |     7 ||     7
Evoke: Wand              |       |       |       |     2 ||     2
  Use: Scroll            |     5 |     4 |     1 |     7 ||    17
       Potion            |       |     8 |     1 |     4 ||    13
 Stab: Sleeping          |       |     6 |       |     2 ||     8
       Petrified         |       |       |       |    11 ||    11
       Distracted        |       |       |       |     1 ||     1
       Paralysed         |       |       |       |     1 ||     1
  Eat: Chunk             |     2 |    17 |    13 |    10 ||    42
       Ration            |       |     2 |     4 |     2 ||     8
Armor: Robe              |    13 |   124 |    27 |    31 ||   195
       Skin              |       |       |     9 |       ||     9
Dodge: Dodged            |    43 |   362 |   131 |   134 ||   670
Block: Other             |     5 |    38 |    26 |    23 ||    92
       Reflection        |       |       |     3 |       ||     3

Table legend:
 A = Non-vault XP
 B = Vault XP
 C = Vault XP percentage of total XP
 D = Non-vault monster count
 E = Vault monster count
 F = Vault count percentage of total count
                 A         B        C        D         E       F
            +---------+---------+-------+---------+---------+-------
      Total |    6498 |    2001 |  23.5 |     206 |      33 |  13.8
            +---------+---------+-------+---------+---------+-------
        D:1 |      24 |       5 |  17.2 |      11 |       3 |  21.4
        D:2 |      51 |       0 |   0.0 |      15 |       0 |   0.0
        D:3 |     145 |      21 |  12.7 |      49 |      11 |  18.3
        D:4 |     178 |      29 |  14.0 |      12 |       3 |  20.0
        D:5 |     735 |       0 |   0.0 |      20 |       0 |   0.0
        D:6 |    1300 |      81 |   5.9 |      27 |       1 |   3.6
        D:7 |    1658 |     294 |  15.1 |      25 |       3 |  10.7
        D:8 |     863 |      46 |   5.1 |      23 |       1 |   4.2
        D:9 |    1544 |    1525 |  49.7 |      24 |      11 |  31.4
            +---------+---------+-------+---------+---------+-------
